 Dungeon Crawl Stone Soup version 0.26.1-11-gd32895ea62 (webtiles) character file.

Game seed: 16969774400388712074

119 boopmooplesden the Shield-Bearer (level 4, -5/40 HPs)
             Began as a Minotaur Fighter on July 16, 2021.
             Killed by nerve-wracking pain
             ... invoked by Grinder
              (14 damage)
             ... while paralysed by Grinder
             ... on level 3 of the Dungeon.
             The game lasted 00:06:52 (2147 turns).

boopmooplesden the Shield-Bearer (Minotaur Fighter) Turns: 2147, Time: 00:06:53

Health: -5/40      AC:  9    Str: 21    XL:     4   Next: 74%
Magic:  3/3        EV:  2    Int:  5    God:
Gold:   74         SH:  0    Dex: 10    Spells: 3/3 levels left

rFire    x . .     SeeInvis .   p - +2 mace (vorpal)
rCold    + . .     Faith    .   c - +1 kite shield
rNeg     . . .     Spirit   .   s - +0 chain mail
rPois    .         Reflect  .   (helmet restricted)
rElec    .         Harm     .   (no cloak)
rCorr    .         Rampage  .   (no gloves)
Will     .....                  (no boots)
Stlth    ..........             y - amulet of the acrobat
HPRegen  0.13/turn              n - ring of ice
MPRegen  0.08/turn              w - -4 ring of slaying (curse)

@: paralysed
A: retaliatory headbutt, horns 2
a: no special abilities


You were on level 3 of the Dungeon.
You visited 1 branch of the dungeon, and saw 3 of its levels.

You collected 74 gold pieces.

Inventory:

Hand Weapons
 a - a +0 flail
 p - a +2 vorpal mace (weapon)
Missiles
 k - 18 poisoned darts (quivered)
 l - a throwing net
Armour
 b - a +0 scale mail
 c - a +1 kite shield (worn)
 s - a +0 chain mail (worn)
Jewellery
 n - a ring of ice (left hand)
 u - an uncursed amulet of magic regeneration
 w - a cursed -4 ring of slaying (right hand)
 y - an amulet of the acrobat (around neck)
Scrolls
 g - a scroll of identify
 j - 3 scrolls of fog
 t - a scroll of amnesia {unknown}
 v - a scroll of remove curse {unknown}
Potions
 d - 2 potions of might
 e - 2 potions of heal wounds {unknown}
 f - a potion of attraction {unknown}
 i - a potion of magic {unknown}
 m - a potion of mutation {unknown}
 o - a potion of flight {unknown}
 q - a potion of curing {unknown}
 x - a potion of haste {unknown}


   Skills:
 + Level 3.9 Fighting
 + Level 3.9 Maces & Flails
 + Level 4.3 Armour
 + Level 0.9 Dodging
 + Level 0.2 Stealth
 + Level 4.9 Shields


You had 3 spell levels left.
You didn't know any spells.
Your spell library was empty.

Dungeon Overview and Level Annotations

Branches:
Dungeon (3/15)

Altars:

Annotations:
D:3 Grinder


Innate Abilities, Weirdness & Mutations

You reflexively headbutt those who attack you in melee.
You have a pair of horns on your head.


Message History

Grinder gestures at you.
You barely resist. You hit the kobold.
You kill the kobold!
You barely miss Grinder. Your headbutt misses Grinder.
Grinder is lightly wounded.
Grinder hits you but does no damage.
You hit Grinder but do no damage.
Grinder is lightly wounded.
You block Grinder's attack. Grinder barely misses you.
You closely miss Grinder.
Grinder is lightly wounded.
Grinder gestures at you.
You suddenly lose the ability to move!
Grinder says, "There's only one good use for a tongue: cutting it out."
Grinder gestures at you.
You barely resist. Grinder gestures at you. Pain shoots through your body!
You die...

#+#+#####
........#
.....5..#
........####
........').#
.....K.?##)#
........##.#
........##)#
........##@#
........##5#
.....r..##.#
........##.#
#.# #.# #.#
#.# #.#


You could see Grinder.

Vanquished Creatures
  3 adders (D:2)
  An ooze (D:1)
  A worm (D:3)
  A dart slug (D:1)
  3 leopard geckos
  8 orcs (D:3)
  9 bats
  2 giant cockroaches
  10 goblins
  9 hobgoblins
  11 kobolds
  5 frilled lizards
  9 rats
72 creatures vanquished.

Notes
Turn   | Place    | Note
-------+----------+-------------------------------------------
     0 | D:1      | boopmooplesden the Minotaur Fighter began the quest for the
                  | Orb.
     0 | D:1      | Reached XP level 1. HP: 19/19 MP: 0/0
   334 | D:1      | Reached XP level 2. HP: 27/27 MP: 1/1
   538 | D:1      | Reached XP level 3. HP: 33/33 MP: 2/2
  1429 | D:2      | Reached XP level 4. HP: 40/40 MP: 3/3
  2091 | D:3      | Noticed Grinder
  2111 | D:3      | Paralysed by Grinder for 5 turns
  2145 | D:3      | Paralysed by Grinder for 3 turns
  2147 | D:3      | Killed from afar by Grinder

Illustrated notes

Levels and vault maps discovered:
D:1:      dpeg_arrival_morbid_curiosity, layout_basic
D:2:      layout_loops_ring, kennysheep_generic_room_10
D:3:      layout_basic, uniq_grinder

Skill      XL: |  1  2 |
---------------+-------+-----
Shields        | 4 |  4.9
Armour         | 4 |  4.3
Maces & Flails | 3 |  3.9
Fighting       | |  3.9
Dodging        | |  0.9
Stealth        | |  0.2

Action                   |  1- 3 |  4- 6 || total
-------------------------+-------+-------++-------
Melee: Flail             |   126 |       ||   126
       Headbutt          |     9 |     5 ||    14
       Mace              |     3 |    67 ||    70
  Use: Scroll            |       |     4 ||     4
Armor: Scale mail        |    60 |     2 ||    62
       Chain mail        |       |    29 ||    29
Dodge: Dodged            |    46 |    17 ||    63
Block: Kite shield       |    80 |    33 ||   113
